 Dungeon Crawl Stone Soup version 0.26.0-10-g1f06aea511 (webtiles) character file.

Game seed: 14713644143982424175

464 Borgoz the Slasher (level 7, 0/55 HPs)
             Began as a Ghoul Gladiator on Jan 13, 2021.
             Slain by an ice beast (1 damage)
             ... on level 5 of the Dungeon.
             The game lasted 00:04:09 (3952 turns).

Borgoz the Slasher (Ghoul Gladiator)                Turns: 3952, Time: 00:04:10

Health: 0/55       AC:  4    Str: 19    XL:     7   Next: 7%
Magic:  6/6        EV: 13    Int:  3    God:
Gold:   282        SH:  0    Dex: 11    Spells: 6/6 levels left

rFire    . . .     SeeInvis .   a - +0 long sword
rCold    + . .     Faith    .   (no shield)
rNeg     + + +     Spirit   .   b - +0 leather armour
rPois    ∞         Reflect  .   c - +0 helmet
rElec    .         Harm     .   (no cloak)
rCorr    .         Rampage  .   (no gloves)
Will     .....                  (no boots)
Stlth    +.........             (no amulet)
HPRegen  0.00/turn              (no ring)
MPRegen  0.10/turn              (no ring)

@: no status effects
A: claws 1, cold resistance 1, negative energy resistance 3, inhibited
regeneration, torment resistance, unbreathing
a: no special abilities


You were on level 5 of the Dungeon.
You visited 1 branch of the dungeon, and saw 5 of its levels.

You collected 282 gold pieces.

Inventory:

Hand Weapons
 a - a +0 long sword (weapon)
Missiles
 d - a throwing net (quivered)
Armour
 b - a +0 leather armour (worn)
 c - a +0 helmet (worn)
Scrolls
 f - a scroll of teleportation
 h - 2 scrolls of remove curse
 i - 4 scrolls of blinking
 j - a scroll of identify {unknown}
 l - a scroll of enchant armour {unknown}
Potions
 e - a potion of berserk rage
 g - a potion of flight


   Skills:
 - Level 2.1 Fighting
 * Level 5.3 Long Blades
 - Level 1.7 Throwing
 + Level 2.9 Armour
 + Level 4.2 Dodging


You had 6 spell levels left.
You didn't know any spells.
Your spell library contained the following spells:

 Spells                   Type           Power        Failure   Level
 Corona                   Hex            0%           58%         1
 Ensorcelled Hibernation  Hex/Ice        0%           73%         2
 Confusing Touch          Hex            0%           91%         3
 Dazzling Flash           Conj/Hex       0%           91%         3
 Tukima's Dance           Hex            0%           91%         3


Dungeon Overview and Level Annotations

Branches:
Dungeon (5/15)
 Temple: D:4-7

Altars:


Innate Abilities, Weirdness & Mutations

You thrive by killing the living.
You are immune to poison.
You have sharp fingernails.
Your flesh is cold resistant. (rC+)
You are immune to negative energy. (rN+++)
You do not regenerate when monsters are visible.
You are immune to unholy pain and torment.
You can survive without breathing.


Message History

The ice beast freezes you. You resist.
* * * LOW HITPOINT WARNING * * *
You barely miss the ice beast.
The ice beast is heavily wounded.
The ice beast hits you but does no damage.
You hit the ice beast.
The ice beast is severely wounded.
The ice beast hits you.
* * * LOW HITPOINT WARNING * * *
The ice beast freezes you! You resist.
* * * LOW HITPOINT WARNING * * *
You hit the ice beast but do no damage.
The ice beast is severely wounded.
The ice beast barely misses you.
You riposte.
You hit the ice beast but do no damage.
The ice beast is severely wounded.
You barely miss the ice beast.
The ice beast is severely wounded.
The ice beast hits you.
You die...

................#
...............##
...............
#............#
#...........#
##.........##
#........#####
######.......####
####..........sY@#
#.....>##...######
....#####...#
.#### ##..# ##
#..# ...# #...#
#...#


You could see an ice beast and a scorpion.

Vanquished Creatures
  An ice beast (D:5)
  2 hounds (D:4)
  An orc wizard (D:4)
  An orc priest (D:4)
  4 worker ants (D:4)
  A hound skeleton (D:4)
  A howler monkey skeleton (D:3)
  3 adders
  An ufetubus (D:5)
  5 worms
  2 dart slugs
  4 leopard geckos
  2 orcs (D:4)
  6 bats
  2 giant cockroaches (D:2)
  7 goblins
  7 hobgoblins
  12 jackals
  5 kobolds
  2 quokkas
  2 ball pythons
  5 frilled lizards (D:2)
  12 rats
88 creatures vanquished.

Vanquished Creatures (others)
  2 plants (D:1)
2 creatures vanquished.

Grand Total: 90 creatures vanquished

Notes
Turn   | Place    | Note
-------+----------+-------------------------------------------
     0 | D:1      | Borgoz the Ghoul Gladiator began the quest for the Orb.
     0 | D:1      | Reached XP level 1. HP: 17/17 MP: 0/0
    85 | D:1      | Reached XP level 2. HP: 22/24 MP: 1/1
   287 | D:1      | Reached skill level 3 in Long Blades
   784 | D:2      | Reached XP level 3. HP: 13/29 MP: 2/2
  1009 | D:2      | Reached skill level 1 in Armour
  1367 | D:2      | Reached XP level 4. HP: 33/36 MP: 3/3
  1480 | D:2      | You fall into a shaft and drop 2 floors!
  1511 | D:4      | Reached skill level 4 in Long Blades
  1511 | D:4      | Reached XP level 5. HP: 33/41 MP: 4/4
  2957 | D:4      | Reached XP level 6. HP: 39/48 MP: 5/5
  3307 | D:4      | Reached skill level 5 in Long Blades
  3671 | D:5      | Entered Level 5 of the Dungeon
  3671 | D:5      | Noticed an ice beast
  3684 | D:5      | HP: 1/48 [ice beast (3)]
  3898 | D:5      | Noticed an ice beast
  3912 | D:5      | Killed an ice beast
  3913 | D:5      | Reached XP level 7. HP: 40/55 MP: 6/6
  3950 | D:5      | HP: 1/55 [ice beast (7)]
  3952 | D:5      | Slain by an ice beast

Illustrated notes

Levels and vault maps discovered:
D:1:      mrwooster_arrival_statue_3, layout_rooms, serial_forest,
          infiniplex_forest_zigzag_2, infiniplex_forest_clump_diagonal,
          infiniplex_forest_split, infiniplex_forest_clump_curved,
          infiniplex_forest_clump_small, infiniplex_forest_pool
D:2:      layout_rooms, minmay_box_of_dots
D:3:      layout_basic
D:4:      layout_cave_pools
D:5:      layout_cave_pods, zin_treasury, gammafunk_ghost_arena,
          minmay_misc_feat_plants

Skill      XL: |  1  2  3  4  5  6 |
---------------+-------------------+-----
Long Blades    | 3 4 5 |  5.3
Dodging        | 3 4 |  4.2
Armour         | 1 2 |  2.9
Fighting       | |  2.1
Throwing       | |  1.7

Action                   |  1- 3 |  4- 6 |  7- 9 || total
-------------------------+-------+-------+-------++-------
Melee: Long sword        |   111 |   176 |    13 ||   300
Throw: Throwing net      |       |     2 |       ||     2
  Use: Potion            |       |     5 |       ||     5
       Scroll            |       |     3 |       ||     3
 Stab: Held in net/web   |       |     1 |       ||     1
Armor: Leather armour    |    34 |    49 |     4 ||    87
Dodge: Dodged            |    94 |   141 |     5 ||   240
       Rpst.: Long sword |    25 |    46 |     3 ||    74
